Map: Rhoskallian LE

Players

qqq

  • Race: Protoss Protoss
  • League: Platinum
  • Spawn Location: 11:00

Massa

  • Race: Terran Terran
  • League: Platinum
  • Spawn Location: 12:00

Kawasaki

  • Race: Terran Terran
  • Spawn Location: 6:00

sasikutasi

  • Race: Protoss Protoss
  • Spawn Location: 5:00

VOD

Have the link to the VOD?

Description

Time

  • Played on: Dec. 4, 2020, 4:42 p.m.
  • Length: 5:12
Show
View Real Time Build Order
Export as new Build Order

qqq Protoss 

Build Orders: Mass Adepts 

Get SALT Encoding   

  12  0:00  Probe  
  13  0:18  Probe  
  14  0:21  Pylon  
  14  0:31  Probe  
  15  0:37  Assimilator  
  15  0:44  Gateway  
  15  0:47  Probe  
  16  0:59  Probe  
  17  1:05  Pylon  
  17  1:11  Probe  
  18  1:23  Probe  
  19  1:31  Cybernetics Core  
  19  1:35  Probe  
  20  1:47  Gateway  
  20  1:56  Probe  
  21  2:08  Probe  
  22  2:10  Adept  
  24  2:18  Twilight Council  
  24  2:22  Assimilator  
  24  2:32  Probe  
  25  2:40  Adept  
  25  2:42  Adept  
  29  2:44  Probe  
  30  2:52  Pylon  
  30  2:54  Resonating Glaives (Chrono Boost)  
  29  3:10  Adept  
  33  3:12  Sentry  
  33  3:38  Adept  
  33  3:40  Adept  
  29  4:01  Gateway  
  29  4:02  Gateway  
  29  4:07  Adept (Chrono Boost)  
  31  4:17  Adept (Chrono Boost)  
  31  4:29  Adept (Chrono Boost)  
  32  4:46  Adept (Chrono Boost)  
  32  4:48  Robotics Facility  
Show
View Real Time Build Order
Export as new Build Order

Massa Terran 

Build Orders: 2 Factory 

Get SALT Encoding   

  12  0:00  SCV  
  13  0:12  SCV  
  14  0:29  SCV  
  14  0:31  Supply Depot  
  14  0:34  Refinery  
  15  0:52  SCV  
  15  0:54  Barracks  
  16  1:04  SCV  
  16  1:06  Supply Depot  
  17  1:16  SCV  
  18  1:21  Refinery  
  18  1:29  SCV  
  18  1:30  Supply Depot  
  19  1:41  SCV  
  19  1:44  Reaper  
  21  1:53  SCV  
  22  1:56  Factory  
  22  2:06  Orbital Command  
  22  2:23  Barracks Tech Lab  
  22  2:29  Factory  
  22  2:34  SCV  
  23  2:41  Supply Depot  
  23  2:50  Hellion  
  25  2:57  Barracks Reactor  
  25  3:01  SCV  
  26  3:14  Command Center  
  26  3:21  Hellion  
  26  3:45  Barracks Tech Lab  
  24  3:49  Widow Mine  
  26  4:00  Factory Tech Lab  
  26  4:02  Bunker  
  25  4:10  Widow Mine  
  25  4:14  Marauder  
  25  4:27  Barracks  
  25  4:29  Barracks x2  
  17  4:32  Widow Mine  
  17  4:35  Marauder  
Show
View Real Time Build Order
Export as new Build Order

Kawasaki Terran 

Build Orders: Banshee Rush 

Get SALT Encoding   

  12  0:00  SCV  
  13  0:13  SCV  
  14  0:20  Supply Depot  
  14  0:25  SCV  
  15  0:31  Refinery  
  15  0:41  SCV  
  16  0:45  Barracks  
  16  0:54  Refinery  
  16  0:55  SCV  
  17  1:08  SCV  
  18  1:20  SCV  
  19  1:32  Orbital Command  
  19  1:36  Factory  
  19  1:38  Barracks Reactor  
  19  1:47  Supply Depot  
  19  1:57  SCV  
  20  2:10  SCV, Supply Depot  
  21  2:25  Hellion x2  
  25  2:30  Starport  
  25  2:31  Barracks Tech Lab  
  25  2:36  SCV  
  26  2:48  Hellion x2  
  30  2:54  SCV  
  30  2:57  Supply Depot  
  31  3:10  SCV  
  32  3:14  Cloaking Field  
  32  3:17  Banshee  
  35  3:25  SCV  
  30  3:57  SCV  
  30  4:00  Banshee  
  34  4:06  Command Center  
  32  4:39  SCV  
  32  4:43  Factory  
  32  4:44  Factory  
  36  5:10  Armory  
Show
View Real Time Build Order
Export as new Build Order

sasikutasi Protoss 

Build Orders: Dark Templar Rush 

Get SALT Encoding   

  12  0:01  Probe  
  13  0:13  Probe  
  14  0:20  Pylon  
  14  0:25  Probe  
  15  0:38  Probe (Chrono Boost)  
  15  0:39  Gateway  
  16  0:49  Probe (Chrono Boost)  
  17  0:54  Probe (Chrono Boost)  
  17  0:56  Assimilator  
  18  1:01  Assimilator  
  18  1:04  Probe  
  19  1:13  Gateway  
  19  1:16  Probe  
  20  1:27  Cybernetics Core  
  20  1:28  Probe  
  21  1:34  Pylon  
  21  1:40  Probe  
  22  1:52  Probe  
  23  2:02  Stalker (Chrono Boost)  
  23  2:03  Stalker (Chrono Boost)  
  23  2:06  Warp Gate  
  27  2:18  Shield Battery  
  27  2:23  Stalker  
  27  2:27  Stalker  
  31  2:39  Twilight Council  
  31  3:14  Nexus  
  31  3:20  Dark Shrine  
  31  3:36  Pylon  
  31  3:55  Stalker  
  31  3:56  Stalker  
  31  3:57  Probe  
  31  4:01  Robotics Facility  
  36  4:07  Pylon  
  32  4:35  Dark Templar x2  
  36  4:46  Probe x2 (Chrono Boost)  
  36  4:49  Observer  
  39  4:55  Probe x2 (Chrono Boost)  
Tags
 
Add a new tag
Caveats
  • Supply blocks, unpowered buildings, or Contaminate may cause inaccurate times.
  • Supply counts are checked every 10 seconds.